 Dungeon Crawl Stone Soup version 0.29.1-15-g9cfb28693d (webtiles) character file.

Game seed: 1935430445885946181

180 Heoruswealwe the Conjurer (level 5, -4/29 HPs)
             Began as a Deep Elf Conjurer on Mar 8, 2023.
             Killed from afar by a rime drake (31 damage)
             ... with a flash freeze
             ... created by the adversity of Qazlal
             ... on level 3 of the Dungeon.
             The game lasted 00:29:05 (2061 turns).

Heoruswealwe the Conjurer (Deep Elf Conjurer)       Turns: 2061, Time: 00:29:07

Health: -4/29      AC:  4    Str:  4    XL:     5   Next: 33%
Magic:  14/14      EV: 12    Int: 28    God:
Gold:   56         SH:  0    Dex: 13    Spells: 11/14 levels left

rFire   . . .      SeeInvis .   b - +4 hand crossbow (freeze)
rCold   x x .      Faith    .   (no shield)
rNeg    . . .      Spirit   .   i - +0 animal skin
rPois   .          Reflect  .   j - +1 helmet {Int+3}
rElec   x          Harm     .   (no cloak)
rCorr   .          Rampage  .   (no gloves)
Will    .....                   (no boots)
Stlth   ++........              (no amulet)
HPRegen 0.09/turn               (no ring)
MPRegen 0.14/turn               (no ring)

@: no status effects
A: [cold vulnerability 2], [electricity vulnerability]
a: no special abilities


You were on level 3 of the Dungeon.
You visited 1 branch of the dungeon, and saw 3 of its levels.

You collected 112 gold pieces.
You spent 56 gold pieces at shops.

Inventory:

Hand Weapons
 b - a +4 hand crossbow of freezing (weapon)
 k - a +0 war axe
Armour
 i - a +0 animal skin (worn)
 j - a +1 helmet of intelligence (worn)
Wands
 d - a wand of roots (3)
Scrolls
 g - a scroll of enchant armour
 l - 2 scrolls of teleportation
Potions
 a - a potion of haste
 c - 2 potions of might
 e - a potion of brilliance
 f - a potion of attraction {unknown}


   Skills:
 + Level 1.4 Fighting
 + Level 2.3 Ranged Weapons
 - Level 2.4 Dodging
 - Level 2.4 Stealth
 + Level 5.0 Spellcasting
 + Level 5.5 Conjurations


You had 11 spell levels left.
You knew the following spells:

 Your Spells              Type           Power      Damage    Failure   Level
a - Magic Dart            Conj           100%       1d8       1%          1
b - Searing Ray           Conj           76%        2d7       1%          2

Your spell library contained the following spells:

 Spells                   Type           Power      Damage    Failure   Level
 Dazzling Flash           Conj/Hex       44%        N/A       6%          3
 Fulminant Prism          Conj/Hex       11%        3d9       22%         4
 Iskenderun's Mystic Bla  Conj/Tloc      22%        2d6       22%         4


Dungeon Overview and Level Annotations

Branches:
Dungeon (3/15)

Altars:
Qazlal
Wu Jian

Shops:
D:2 ?


Innate Abilities, Weirdness & Mutations

[You are very vulnerable to cold. (rC--)]
[You are vulnerable to electric shocks.]


Message History

You now have 56 gold pieces (gained 3).
As you read the scroll of identify, it crumbles to dust.
l - 2 scrolls of teleportation
As you read the scroll of identify, it crumbles to dust.
e - a potion of brilliance
Okay, then.
Qazlal causes a mighty clap of thunder!
You feel vulnerable to electricity.
Qazlal strips away your elemental protection.
Found a stone staircase leading up.
There is a stone staircase leading up here.
An endoplasm comes into view.
The endoplasm moves out of view.
You shoot a bolt. The endoplasm quivers.
The bolt hits the endoplasm.
The bolt freezes the endoplasm.
The endoplasm is severely wounded.
You shoot a bolt. The bolt hits the endoplasm!
The bolt freezes the endoplasm.
You kill the endoplasm!
A goblin comes into view. It is wielding a +0 club.
You shoot a bolt. The bolt hits the goblin!
The bolt freezes the goblin.
You kill the goblin!
Found a scroll labelled LIXKADA FEMOOWK.
Qazlal causes a mighty clap of thunder!
Qazlal incites the elements against you!
A rime drake and a boulder beetle come into view.
You shoot a bolt. The bolt hits the rime drake.
The rime drake is lightly wounded.
You shoot a bolt. The bolt closely misses the rime drake.
The rime drake bites you.
The boulder beetle bites you but does no damage.
The rime drake misses you.
You shoot a bolt.
The bolt hits the rime drake but does no damage.
The rime drake is lightly wounded.
The boulder beetle barely misses you. The rime drake breathes ice at you.
The flash freeze hits you!!
You feel a painful chill!
Ouch! That really hurt!
You die...

##....?## ##.......##
#.........# ###
#.........# #.###
#.........# ....#
#.........# ....##
#.........# .....#
#....@....# .....#
#....kB...# .....#
#.........# .....#
#.........#
.....#######.........#
##..................##
.#...#.##..........#..
..........##......##...
........####.#..#... ).


You could see a boulder beetle and a rime drake (catching breath).

Vanquished Creatures
  An orc priest (D:3)
  Natasha (thrice) (D:2)
  Robin (D:2)
  A worm (D:3)
  A dart slug (D:1)
  4 orcs (D:3)
  3 ball pythons
  6 endoplasms
  4 giant cockroaches
  7 goblins
  4 hobgoblins
  3 jackals (D:2)
  A quokka (D:1)
  2 bats
  11 frilled lizards (D:1)
  5 kobolds
  3 rats
60 creatures vanquished.

Notes
Turn   | Place    | Note
-------+----------+-------------------------------------------
     0 | D:1      | Heoruswealwe the Deep Elf Conjurer began the quest for the
                  | Orb.
     0 | D:1      | Reached XP level 1. HP: 10/10 MP: 6/6
    49 | D:1      | Reached XP level 2. HP: 11/15 MP: 0/8
   615 | D:1      | Reached skill level 5 in Conjurations
   615 | D:1      | Reached XP level 3. HP: 19/19 MP: 5/10
   702 | D:1      | Learned a level 2 spell: Searing Ray
   988 | D:2      | Found Doest's Magic Scroll Shoppe.
   993 | D:2      | Bought a scroll of identify for 28 gold pieces
   994 | D:2      | Identified a scroll of acquirement
   998 | D:2      | Acquired a +4 hand crossbow of freezing
  1310 | D:2      | Found a faded altar of an unknown god.
  1311 | D:2      | Noticed Robin
  1314 | D:2      | Killed Robin
  1370 | D:2      | Prayed at the altar of an unknown god.
  1370 | D:2      | Became a worshipper of Qazlal Stormbringer
  1370 | D:2      | Reached * piety under Qazlal
  1467 | D:2      | Noticed Natasha
  1471 | D:2      | Killed Natasha
  1472 | D:2      | Reached skill level 1 in Ranged Weapons
  1472 | D:2      | Reached XP level 4. HP: 17/24 MP: 12/12
  1533 | D:2      | Noticed Natasha
  1539 | D:2      | Killed Natasha
  1691 | D:2      | Bought a scroll of identify for 28 gold pieces
  1778 | D:2      | Noticed Natasha
  1781 | D:2      | Killed Natasha
  1782 | D:2      | Reached skill level 1 in Fighting
  1793 | D:2      | Fell from the grace of Qazlal
  1842 | D:3      | Found an ornate altar of the Wu Jian Council.
  1891 | D:3      | Reached XP level 5. HP: 29/29 MP: 14/14
  1894 | D:3      | Reached skill level 5 in Spellcasting
  2059 | D:3      | Noticed a rime drake
  2059 | D:3      | Noticed a boulder beetle
  2061 | D:3      | Killed from afar by a rime drake

Illustrated notes

Levels and vault maps discovered:
D:1:      moated_graveyard_arrival, layout_loops_ring, grunt_decor_mini_mirrors,
          minmay_lizard_pond
D:2:      layout_loops_ring, serial_shops, shop,
          chequers_ecumenical_altar_twisty, uniq_natasha, uniq_robin
D:3:      layout_rooms, mainiacjoe_overflow_tiny_flanked

Skill      XL: |  1  2  3  4  5 |
---------------+----------------+-----
Spellcasting   | 4 5 |  5.0
Conjurations   | 5 |  5.5
Ranged Weapons | 1 2 |  2.3
Fighting       | 1 |  1.4
Dodging        | |  2.4
Stealth        | |  2.4

Action                   |  1- 3 |  4- 6 || total
-------------------------+-------+-------++-------
Melee: Mace              |     2 |       ||     2
 Fire: Sling             |     6 |       ||     6
       Hand crossbow     |    13 |    36 ||    49
 Cast: Magic Dart        |    48 |       ||    48
Invok: Renounce Religion |       |     1 ||     1
  Use: Potion            |     1 |       ||     1
       Scroll            |     6 |     2 ||     8
Armor: Robe              |     6 |       ||     6
       Animal skin       |       |     1 ||     1
Dodge: Dodged            |    21 |     8 ||    29
